 Dungeon Crawl Stone Soup version 0.28-a0-1152-g9c71ebef14 (webtiles) character file.

Game seed: 6994190720569914673

68 SnakkuSnakku7 the Cudgeller (level 4, 35/35 HPs)
             Began as a Demonspawn Cinder Acolyte on Dec 15, 2021.
             Was a High Priest of Ignis.
             Got out of the dungeon alive.
             The game lasted 00:02:19 (2044 turns).

SnakkuSnakku7 the Cudgeller (DsCA)                  Turns: 2044, Time: 00:02:20

Health: 35/35      AC:  7    Str: 14    XL:     4   Next: 1%
Magic:  5/5        EV: 10    Int: 16    God:    Ignis [*****.]
Gold:   52         SH:  0    Dex: 10    Spells: 5/5 levels left

rFire   + . .      SeeInvis .   a - -1 mace (flame)
rCold   . . .      Faith    .   (no shield)
rNeg    + . .      Spirit   .   e - +0 ring mail {rN+}
rPois   .          Reflect  .   (no helmet)
rElec   .          Harm     .   (no cloak)
rCorr   .          Rampage  .   (no gloves)
Will    .....                   (no boots)
Stlth   ..........              (no amulet)
HPRegen 0.11/turn               (no ring)
MPRegen 0.09/turn               (no ring)

@: no status effects
A: claws 1, molten scales 1, spiny 1
a: Renounce Religion, Fiery Armour, Foxfire Swarm, Rising Flame


You escaped.
You worshipped Ignis.
Ignis was extremely pleased with you.
You visited 1 branch of the dungeon, and saw 2 of its levels.

You collected 52 gold pieces.

Inventory:

Hand Weapons
 a - a -1 mace of flaming (weapon)
Armour
 b - a +0 robe
 e - a +0 ring mail of positive energy (worn)
Potions
 c - a potion of resistance {unknown}
 d - 2 potions of curing {unknown}


   Skills:
 - Level 3.0 Fighting
 + Level 3.6 Maces & Flails
 + Level 1.7 Armour
 + Level 1.1 Dodging
 - Level 1.0 Spellcasting
 - Level 2.6 Fire Magic


You had 5 spell levels left.
You didn't know any spells.
Your spell library contained the following spells:

 Spells                   Type           Power      Damage    Failure   Level
 Scorch                   Fire           18%        2d5       22%         2


Dungeon Overview and Level Annotations

Branches:
Dungeon (2/15)

Altars:


Innate Abilities, Weirdness & Mutations

You have sharp fingernails.
You are partially covered in molten scales. (AC +2)
You are partially covered in sharp spines.


Message History

Found a pair of gloves.
The adder hisses angrily.
An adder is nearby!
There is an open door here.
You barely miss the adder. The adder closely misses you.
You barely miss the adder.
The adder bites you but does no damage. x2
You closely miss the adder. The adder bites you but does no damage.
The adder bites you.
You miss the adder. The adder is struck by your spines.
The adder bites you but does no damage.
You miss the adder.
The adder is moderately wounded.
The adder is struck by your spines. The adder closely misses you. x2
You hit the adder. You burn the adder.
You kill the adder!
Your Dodging skill increases to level 1!
You have reached level 4!
You feel clever.
Your demonic ancestry asserts itself...
Your fingernails lengthen.
(D) Dungeon
Where to? (Enter - D:2, ? - help)
You open the door.
There is an open door here.
You see here an adder skeleton.
Things that are here:
a +1 short sword of protection; a kobold skeleton You open the door.
There is an open door here.
There is an open door here.
There is a stone staircase leading up here.
You climb upwards.
There is a stone staircase leading down here.
(D) Dungeon
Where to? (Enter - D:1, ? - help)
Okay, then.
You see here a +0 club.
There is an open door here.
There is a staircase leading out of the dungeon here.
Are you sure you want to leave the Dungeon?
This will make you lose the game!
You have escaped!

.#.#.####...# #.#.#.# #.#.#....
...#.# #...# #.#.#.# #.#.#....
.#.#.####...###.#.#.# #.#.#....
.#.#..............#.# #.#.#....
...............####'# #........
............##.#.8#.#######.#....
...########....#..........#......
##.# ####.#...8..8..8###.### ##.#
#.#@.........'...#
##.###########.#...8..8..8###.#
...............#..........#...#
##.###########.#.8#.#######.###
##.# #.####+#.......##### ##.#
#....#.#.########.). ##.#
#.##.#.#.# #... ##.# #.##.#.#.#
#... ...###### #.##.#.#.# #...


There were no monsters in sight!

Vanquished Creatures
  A gnoll (D:1)
  3 adders (D:2)
  3 bats (D:1)
  5 endoplasms
  A giant cockroach (D:1)
  2 goblins (D:1)
  5 hobgoblins
  3 ball pythons
  A frilled lizard (D:1)
  4 kobolds
  A rat (D:1)
29 creatures vanquished.

Notes
Turn   | Place    | Note
-------+----------+-------------------------------------------
     0 | D:1      | SnakkuSnakku7 the Demonspawn Cinder Acolyte began the quest
                  | for the Orb.
     0 | D:1      | Reached XP level 1. HP: 18/18 MP: 2/2
   461 | D:1      | Gained mutation: You are partially covered in molten
                  | scales. (AC +2) [demonic ancestry]
   461 | D:1      | Reached XP level 2. HP: 24/24 MP: 3/3
   626 | D:1      | Reached skill level 1 in Armour
  1115 | D:1      | Gained mutation: You are partially covered in sharp spines.
                  | [demonic ancestry]
  1115 | D:1      | Reached XP level 3. HP: 25/29 MP: 4/4
  1173 | D:1      | Found a faded altar of an unknown god.
  1951 | D:2      | Reached skill level 1 in Dodging
  1951 | D:2      | Gained mutation: You have sharp fingernails. [demonic
                  | ancestry]
  1951 | D:2      | Reached XP level 4. HP: 31/35 MP: 5/5
  2044 | D:$      | Got out of the dungeon alive.

Illustrated notes

Levels and vault maps discovered:
D:1:      elethiomel_arrival_quiet, layout_basic,
          hellmonk_ecumenical_altar_arch_garden, minmay_statues_item
D:2:      layout_loops_corners, serial_shops, nicolae_shop_stone

Skill      XL: |  1  2  3 |
---------------+----------+-----
Maces & Flails | 3 |  3.6
Armour         | 1 |  1.7
Dodging        | 1 |  1.1
Fighting       | |  3.0
Spellcasting   | |  1.0
Fire Magic     | |  2.6

Action                   |  1- 3 |  4- 6 || total
-------------------------+-------+-------++-------
Melee: Mace              |    94 |       ||    94
Invok: Fiery Armour      |     2 |       ||     2
Armor: Ring mail         |    62 |       ||    62
Dodge: Dodged            |    63 |       ||    63

Table legend: (Time is in decaauts)
 A = Elapsed time spent in this place.
 B = Non-inter-level travel time spent in this place.
 C = Inter-level travel time spent in this place.
 D = Time resting spent in this place.
 E = Time spent auto-exploring this place.
 F = Levels seen in this place.
 G = Mean time per level.
                   A        B        C        D        E       F      G
               +--------+--------+--------+--------+--------+-----+--------+
         Total |   2066 |   1950 |    116 |    229 |   1374 |   2 | 1033.0 |
       Dungeon |   2066 |   1950 |    116 |    229 |   1374 |   2 | 1033.0 |
               +--------+--------+--------+--------+--------+-----+--------+

Top non-repeatable levels by time:
     D:1: 1726 daAuts
     D:2: 339 daAuts
